 Dungeon Crawl Stone Soup version 0.27-a0-291-gd9602db6ee (webtiles) character file.

Game seed: 8873946770005731549

945 Nattfarinn the Changer (level 8, -9/34 (44) HPs)
             Began as a Vine Stalker Transmuter on Feb 9, 2021.
             Was a Follower of Uskayaw.
             Mangled by a wight
             ... wielding a +4 dire flail
              (11 damage)
             ... on level 3 of the Dungeon.
             The game lasted 00:18:43 (6499 turns).

Nattfarinn the Changer (Vine Stalker Transmuter)    Turns: 6499, Time: 00:18:44

HP:   -9/34 (44)    AC:  6    Str: 19    XL:     8   Next: 13%
MP:   0/16          EV: 10    Int: 15    God:    Uskayaw [*.....]
Gold: 380           SH:  0    Dex: 15    Spells: 8/16 levels left

rFire    x . .     SeeInvis .     - Unarmed
rCold    + + +     Faith    .   (shield currently unavailable)
rNeg     . . .     Spirit   +   (armour currently unavailable)
rPois    +         Reflect  .   (helmet currently unavailable)
rElec    .         Harm     .   (cloak currently unavailable)
rCorr    .         Rampage  .   (gloves currently unavailable)
Will     +....                  (boots currently unavailable)
Stlth    +.........             h - amulet of magic regeneration
HPRegen  0.51/turn              f - +6 ring of strength
MPRegen  0.40/turn              q - ring of protection from cold

@: ice-form, heavily drained
A: large, regeneration 1, magic shield, no potion heal 3
a: End Transformation, Renounce Religion, Stomp


You were on level 3 of the Dungeon.
You worshipped Uskayaw.
Uskayaw was noncommittal.
You were a creature of crystalline ice.
You visited 2 branches of the dungeon, and saw 7 of its levels.

You collected 380 gold pieces.

Inventory:

Armour
 a - a +0 robe (melded)
Jewellery
 f - a +6 ring of strength (left front paw)
 h - an amulet of magic regeneration (around neck)
 n - an uncursed amulet of the acrobat {unknown}
 q - a ring of protection from cold (right front paw)
Wands
 s - a wand of polymorph (2)
 u - a wand of mindburst (11)
Scrolls
 c - 3 scrolls of identify {unknown}
 d - a scroll of remove curse {unknown}
 g - 4 scrolls of fog
 i - 8 scrolls of teleportation {unknown}
 l - a scroll of immolation {unknown}
 m - a scroll of enchant weapon {unknown}
 r - a scroll of fear {unknown}
 v - a scroll of noise {unknown}
Potions
 b - a potion of berserk rage {unknown}
 e - 2 potions of heal wounds {unknown}
 j - a potion of attraction {unknown}
 k - 3 potions of curing {unknown}
 o - 2 potions of brilliance {unknown}
 p - a potion of degeneration {unknown}
 t - a potion of magic {unknown}
 w - 2 potions of might {unknown}
 x - a potion of ambrosia {unknown}


   Skills:
 - Level 0.8 Fighting
 - Level 1.5 Dodging
 - Level 3.0 Unarmed Combat
 + Level 4.7 Spellcasting
 * Level 6.4 Transmutations
 * Level 3.7 Ice Magic
 - Level 3.0 Poison Magic


You had 8 spell levels left.
You knew the following spells:

 Your Spells              Type           Power        Failure   Level
a - Beastly Appendage     Tmut           44%          1%          1
b - Spider Form           Tmut/Pois      8%           8%          3
c - Ice Form              Ice/Tmut       18%          22%         4

Your spell library contained the following spells:

 Spells                   Type           Power        Failure   Level
 Wereblood                Tmut           22%          1%          2
 Blade Hands              Tmut           11%          34%         5


Dungeon Overview and Level Annotations

Branches:
Dungeon (6/15)             Temple (1/1) D:5

Altars:
Ashenzari
Dithmenos
Elyvilon
Fedhas
Hepliaklqana
Kikubaaqudgha
Makhleb
Nemelex Xobeh
Okawaru
Qazlal
Ru
Uskayaw
Vehumet
Wu Jian
Xom
Yredelemnul
Zin
The Shining One

Shops:
D:6 ?*

Annotations:
D:6 Grinder


Innate Abilities, Weirdness & Mutations

((You have razor-sharp teeth.))
Your natural rate of healing is unusually fast.
When hurt, damage is shared between your health and your magic reserves.
((Your bite disrupts and absorbs the magic of your enemies.))
Potions cannot restore your health.


Message History

The wight is severely damaged.
The wight hits you with a +0 trident.
The wight hits you with a cursed +3 hand axe.
You feel drained.
The wight hits you with a +4 dire flail.
* * * LOW HITPOINT WARNING * * *
You stomp with the beat, sending a shockwave through the revellers around you!
The wight is almost destroyed.
The wight is severely damaged.
The wight is moderately damaged.
You can no longer stomp with the beat.
The wight hits you with a +0 trident!
* * * LOW HITPOINT WARNING * * *
The wight hits you but does no damage.
You can now stomp with the beat.
Okay, then.
As you read the scroll labelled MOKLONW NOEFUFF, it crumbles to dust.
The scroll dissolves into smoke.
It was a scroll of fog.
The wight hits you with a +4 dire flail!
You die...

######### #..z..?.#
#### .# #.# ...
.#####.# .z.
z...##.# #.
#.##.##.##.# ...
#....##.##§# ##[#
###..##.##§####
.....#...###.§zY§§(#
#(.#.z####.#zz#§.#
#......z...#§##..#
#.....####.#..#..#
#.....####.##.#..#
#.......##.z.....#
#######.##.......#
########.#####.####
#...........##.#


You could see 3 wights.

Vanquished Creatures
  Eustachio (D:6)
  A necrophage (D:6)
  An ogre (D:4)
  A bullfrog (D:6)
  A scorpion (D:4)
  A wight (D:3)
  A hound (D:5)
  2 iguanas
  3 worker ants
  3 orc wizards
  A hound zombie (D:5)
  3 gnolls (D:4)
  9 adders
  A howler monkey skeleton (D:4)
  A shadow imp (D:6)
  2 oozes
  An adder zombie (D:5)
  6 leopard geckos
  10 orcs
  5 giant cockroaches
  11 goblins
  6 hobgoblins
  10 jackals
  15 kobolds
  2 quokkas
  8 bats
  4 frilled lizards
  A quokka zombie (D:5)
  5 rats
116 creatures vanquished.

Notes
Turn   | Place    | Note
-------+----------+-------------------------------------------
     0 | D:1      | Nattfarinn the Vine Stalker Transmuter began the quest for
                  | the Orb.
     0 | D:1      | Reached XP level 1. HP: 9/9 MP: 4/4
   343 | D:1      | Reached XP level 2. HP: 9/14 MP: 4/6
  1694 | D:2      | Reached skill level 1 in Poison Magic
  1753 | D:2      | Reached XP level 3. HP: 15/17 MP: 4/7
  1896 | D:2      | Reached skill level 3 in Transmutations
  2601 | D:2      | Gained mutation: Your natural rate of healing is unusually
                  | fast. [Vine Stalker growth]
  2601 | D:2      | Reached XP level 4. HP: 18/21 MP: 9/9
  3142 | D:3      | Found a hide-covered altar of Uskayaw.
  3333 | D:3      | Reached XP level 5. HP: 24/25 MP: 10/10
  3465 | D:3      | Found a glowing golden altar of the Shining One.
  3581 | D:4      | Reached skill level 4 in Transmutations
  3629 | D:4      | Noticed an ogre
  3635 | D:4      | Learned a level 3 spell: Spider Form
  3644 | D:4      | Killed an ogre
  3645 | D:4      | Reached XP level 6. HP: 29/29 MP: 10/12
  3962 | D:4      | Reached skill level 5 in Transmutations
  4280 | D:4      | Reached skill level 1 in Ice Magic
  4295 | D:4      | Reached XP level 7. HP: 26/32 MP: 11/14
  4311 | D:4      | Learned a level 4 spell: Ice Form
  4788 | D:5      | Entered Level 5 of the Dungeon
  5154 | D:5      | Found a stormy altar of Qazlal.
  5587 | D:5      | Found a staircase to the Ecumenical Temple.
  5593 | Temple   | Entered the Ecumenical Temple
  5736 | D:6      | Found a sacrificial altar of Ru.
  5788 | D:6      | Noticed Grinder
  5808 | D:6      | Found Gozag's Platinum Reserve.
  5809 | D:6      | Paralysed by Grinder for 3 turns
  5821 | D:6      | Found Yceema's Magic Scroll Shoppe.
  5912 | D:6      | Found an ornate altar of the Wu Jian Council.
  5912 | D:6      | Noticed Eustachio
  5928 | D:6      | Killed Eustachio
  5929 | D:6      | Reached skill level 6 in Transmutations
  6000 | D:6      | Gained mutation: You have razor-sharp teeth. [Vine Stalker
                  | growth]
  6000 | D:6      | Reached XP level 8. HP: 31/37 MP: 10/15
  6127 | D:3      | Became a worshipper of Uskayaw the Reveller
  6179 | D:3      | Reached * piety under Uskayaw
  6203 | D:3      | Found a glowing silver altar of Zin.
  6498 | D:3      | HP: 1/34 [wight/+0 trident (9)]
  6499 | D:3      | Mangled by a wight

Illustrated notes

Levels and vault maps discovered:
D:1:      dpeg_arrival_leaves_temple_mockup, layout_basic, patterned_corridor
D:2:      kennysheep_big_flooded_room, layout_basic
D:3:      layout_loops_cross, eat_drink_and_be_merry_uskayaw,
          nicolae_overflow_crystal_walls, lightli_temple_of_fire,
          kennysheep_nub, nicolae_tso_swordbearing_angel
D:4:      layout_layer_cave
D:5:      layout_basic, marbit_many_paths, minmay_temple_entry_fiery
D:6:      layout_basic, nicolae_gozag_zags_fifth_avenue,
          nzn_wu_jian_council_hall, led_sif_pool, serial_shops, shop, shop,
          nicolae_shop_waterfront, shop, nicolae_ru_sacrificial_ziggurat,
          uniq_eustachio, uniq_grinder
Temple:   nicolae_temple_great_sept

Skill      XL: |  1  2  3  4  5  6  7 |
---------------+----------------------+-----
Poison Magic   | 1 2 3 |  3.0
Transmutations | 3 4 5 6 |  6.4
Spellcasting   | 3 4 |  4.7
Ice Magic      | 1 3 |  3.7
Fighting       | |  0.8
Dodging        | |  1.5
Unarmed Combat | |  3.0

Action                   |  1- 3 |  4- 6 |  7- 9 || total
-------------------------+-------+-------+-------++-------
Melee: Unarmed           |    88 |   115 |   129 ||   332
       Kick              |    15 |    23 |     3 ||    41
       Bite              |    16 |    18 |     1 ||    35
       Headbutt          |     7 |    10 |       ||    17
 Cast: Beastly Appendage |    28 |    16 |     3 ||    47
       Spider Form       |       |     6 |    20 ||    26
       Ice Form          |       |       |     1 ||     1
Invok: Stomp             |       |       |     3 ||     3
  Use: Scroll            |       |       |     1 ||     1
 Stab: Sleeping          |     1 |     2 |     3 ||     6
Armor: Robe              |    21 |     3 |       ||    24
       Skin              |       |     2 |     6 ||     8
Dodge: Dodged            |    87 |    67 |    96 ||   250

Table legend: (Time is in decaauts)
 A = Elapsed time spent in this place.
 B = Non-inter-level travel time spent in this place.
 C = Inter-level travel time spent in this place.
 D = Time resting spent in this place.
 E = Time spent auto-exploring this place.
 F = Levels seen in this place.
 G = Mean time per level.
                   A        B        C        D        E       F      G
               +--------+--------+--------+--------+--------+-----+--------+
         Total |   6481 |   6065 |    416 |   1110 |   3962 |   7 |  925.9 |
       Dungeon |   6389 |   5986 |    403 |   1110 |   3883 |   6 | 1064.8 |
        Temple |     92 |     79 |     13 |      0 |     79 |   1 |   92.0 |
               +--------+--------+--------+--------+--------+-----+--------+

Top non-repeatable levels by time:
     D:1: 1551 daAuts
     D:2: 1370 daAuts
     D:4: 1251 daAuts
     D:3: 1011 daAuts
     D:5: 897 daAuts
     D:6: 307 daAuts
  Temple: 92 daAuts
